 Dungeon Crawl Stone Soup version 0.30-a0-591-g3c58d2bc28 (webtiles) character file.

Game seed: 14822769749364733381

3005 Leeroy the Thaumaturge (level 9, 0/68 HPs)
             Began as a Merfolk Transmuter on Jan 4, 2023.
             Was a Follower of Wu Jian.
             Slain by a steam dragon (6 damage)
             ... on level 7 of the Dungeon.
             The game lasted 00:12:51 (7620 turns).

Leeroy the Thaumaturge (Merfolk Transmuter)         Turns: 7620, Time: 00:12:51

Health: 0/68       AC:  2    Str: 10    XL:     9   Next: 84%
Magic:  18/21      EV: 20    Int: 17    God:    Wu Jian [*.....]
Gold:   666        SH:  0    Dex: 19    Spells: 14/24 levels left

rFire   . . .      SeeInvis .      - Unarmed
rCold   . . .      Faith    .    (shield currently unavailable)
rNeg    . . .      Spirit   .    (body armour currently unavailable)
rPois   x          Reflect  .    (helmet currently unavailable)
rElec   .          Harm     .    (cloak currently unavailable)
rCorr   .          Rampage  .    (gloves currently unavailable)
Will    .....                    (boots currently unavailable)
Stlth   ++                       (no amulet)
HPRegen 0.31/turn                (no ring)
MPRegen 0.17/turn                (no ring)

@: spider-form
A: venomous fangs, tiny, (nimble swimmer 2), (mertail)
a: End Transformation, Renounce Religion


You were on level 7 of the Dungeon.
You worshipped Wu Jian.
Wu Jian was aware of your devotion.
You were a venomous arachnid creature.
You visited 2 branches of the dungeon, and saw 8 of its levels.
You also visited: Ossuary.

You collected 666 gold pieces.

Inventory:

Hand Weapons
 h - a +3 trident of freezing
 p - a +1 vampiric dagger
 u - a +0 long sword
 x - a +0 heavy war axe
 y - a +0 short sword of holy wrath
 A - a +2 scimitar of flaming
Missiles
 t - 2 silver boomerangs
Armour
 a - a +0 robe (melded)
 l - a +0 pair of gloves
 v - the +1 leather armour of the Clean Wumpus {rElec rCorr Str+2 Stlth-}
   (You found it on level 6 of the Dungeon)

   Str:       It affects your strength (+2).
   rElec:     It insulates you from electricity.
   rCorr:     It protects you from acid and corrosion.
   Stlth:     It makes you less stealthy.
 B - +0 acid dragon scales
Jewellery
 c - a ring of wizardry
 k - a ring of magical power
 n - a ring of see invisible
Wands
 i - a wand of iceblast (13)
 q - a wand of flame (8)
 s - a wand of charming (22)
Scrolls
 f - a scroll of immolation {unknown}
 g - 2 scrolls of fog
 j - 2 scrolls of identify
 m - 2 scrolls of enchant weapon
 C - a scroll of teleportation {unknown}
Potions
 b - a potion of lignification
 d - a potion of haste {unknown}
 e - a potion of might {unknown}
 o - a potion of attraction {unknown}
 r - a potion of heal wounds {unknown}
 w - 2 potions of degeneration {unknown}
 z - a potion of magic {unknown}


   Skills:
 - Level 5.1 Fighting
 - Level 2.6 Dodging
 - Level 8.0 Unarmed Combat
 + Level 8.3 Spellcasting
 - Level 8.1 Transmutations
 - Level 0.2 Ice Magic


You had 14 spell levels left.
You knew the following spells:

 Your Spells              Type           Power      Damage    Failure   Level
a - Beastly Appendage     Tmut           68%        N/A       3%          1
b - Spider Form           Tmut/Pois      20%        N/A       16%         3
c - Ice Form              Ice/Tmut       21%        N/A       38%         4
d - Blink                 Tloc           14%        N/A       34%         2

Your spell library contained the following spells:

 Spells                   Type           Power      Damage    Failure   Level
 Wereblood                Tmut           34%        N/A       3%          2
 Momentum Strike          Conj/Tloc      14%        3d8       34%         2
 Lesser Beckoning         Tloc           14%        N/A       52%         3


Dungeon Overview and Level Annotations

Branches:
Dungeon (7/15)             Temple (1/1) D:6         Ossuary (visited)

Altars:
Dithmenos
Elyvilon
Fedhas
Gozag
Hepliaklqana
Kikubaaqudgha
Makhleb
Nemelex Xobeh
Okawaru
Qazlal
Ru
Sif Muna
Wu Jian
Xom
Yredelemnul
Zin


Innate Abilities, Weirdness & Mutations

You are a venomous arachnid creature.
You have poisonous fangs.
You are tiny and dextrous.
Your spellcasting is less reliable in this form.
Your armour is entirely melded.
You are incapable of wielding weapons or throwing items.
((You are very nimble when in or above water. (Stealth+, EV+, Speed+++)))
((Your lower body shifts to a powerful aquatic tail in water.))


Message History

The steam dragon is lightly wounded.
The steam dragon bites you! The steam dragon closely misses you.
You hit the steam dragon.
The steam dragon is moderately wounded.
The steam dragon breathes steam at you. The ball of steam hits you!
You hit the steam dragon but do no damage.
Your punch misses the steam dragon.
The steam dragon is moderately wounded.
You are engulfed in a cloud of scalding steam.
The steam dragon breathes steam at you. The ball of steam hits you!
You spin and attack the steam dragon.
You punch the steam dragon!
The steam dragon is heavily wounded.
The steam dragon barely misses you. The steam dragon misses you.
Casting: Ice Form (dangerous; 19% risk of failure)
Confirm with . or Enter, or press ? or * to list all spells.
You turn into a venomous arachnid creature.
Your +0 robe melds into your body.
An ufetubus comes into view.
The steam dragon misses you. x2
You hit the steam dragon but do no damage.
The steam dragon is poisoned.
The steam dragon is heavily wounded.
You hit the steam dragon but do no damage.
The steam dragon is heavily wounded.
The steam dragon bites you but does no damage.
The steam dragon completely misses you.
You bite the steam dragon!
The steam dragon looks as sick as possible!
The steam dragon is almost dead.
The steam dragon breathes steam at you. The ball of steam hits you!!
* * * LOW HITPOINT WARNING * * *
You spin and attack the steam dragon.
You hit the steam dragon but do no damage.
The steam dragon looks as sick as possible!
The steam dragon is almost dead.
The steam dragon bites you.
You die...

#######.###.###.##.# #.#
#.# #.##.# #.# #.###....#
##'###........#
##...#########.#
##.....## ##.#
##...)...## ##..#
###...D§§§§§####...#####
...'..5.s....††..........
####.........####...#####
##.......## ##..#
##.....## ..... ##...##
##....# ##'## #....# #.#
#....# #.# ##.#.# ##.##


You could see a steam dragon (extremely poisoned, catching breath) and an
ufetubus.

Vanquished Creatures
  Maggie (D:7)
  Grinder (D:3)
  Duvessa (D:6)
  3 water moccasins
  A black bear (D:6)
  A sky beast (D:5)
  2 ogres
  A phantom (D:6)
  2 elf zombies
  3 bullfrogs
  5 scorpions
  An elf skeleton (D:7)
  Dowan (D:6)
  4 killer bees (D:7)
  A human zombie (Ossuary)
  4 hounds
  4 orc priests
  Ijyb (D:4)
  3 human skeletons (D:7)
  5 iguanas
  2 orc wizards
  2 mummies (Ossuary)
  6 adders
  4 gnolls (D:5)
  A shadow imp (D:7)
  3 ufetubi (D:6)
  A worm (D:2)
  2 dart slugs
  21 orcs
  5 ball pythons
  5 bats
  4 endoplasms
  2 giant cockroaches
  5 goblins
  8 hobgoblins
  3 jackals
  2 quokkas
  10 frilled lizards
  3 gnoll zombies (Ossuary)
  3 goblin zombies (Ossuary)
  4 hobgoblin zombies (Ossuary)
  3 kobolds
  An orc skeleton (D:7)
  2 orc zombies (Ossuary)
  8 rats
155 creatures vanquished.

Vanquished Creatures (others)
  An orc wizard (D:5)
  31 plants (D:6)
  5 toadstools (D:3)
37 creatures vanquished.

Grand Total: 192 creatures vanquished

Notes
Turn   | Place    | Note
-------+----------+-------------------------------------------
     0 | D:1      | Leeroy the Merfolk Transmuter began the quest for the Orb.
     0 | D:1      | Reached XP level 1. HP: 15/15 MP: 3/3
   177 | D:1      | Reached XP level 2. HP: 11/21 MP: 3/5
   816 | D:2      | Reached XP level 3. HP: 26/26 MP: 4/6
  1436 | D:2      | Learned a level 3 spell: Spider Form
  1673 | D:3      | Noticed Grinder
  1684 | D:3      | HP: 1/26 [Grinder/nerve-wracking pain (6)]
  1685 | D:3      | Killed Grinder
  1686 | D:3      | Reached XP level 4. HP: 1/32 MP: 3/7
  1686 | D:3      | Reached XP level 5. HP: 1/37 MP: 3/8
  1686 | D:3      | Reached XP level 6. HP: 2/43 MP: 3/9
  1852 | D:3      | Found an iron altar of Okawaru.
  2828 | D:4      | Noticed Ijyb
  2843 | D:4      | Killed Ijyb
  3060 | D:4      | Noticed a black bear
  3361 | D:5      | Entered Level 5 of the Dungeon
  3390 | D:5      | Reached XP level 7. HP: 18/51 MP: 10/10
  4027 | D:5      | Reached skill level 5 in Fighting
  4241 | D:5      | Reached skill level 5 in Unarmed Combat
  4409 | D:5      | Reached XP level 8. HP: 34/62 MP: 7/11
  4421 | D:5      | Learned a level 4 spell: Ice Form
  4424 | D:5      | Learned a level 2 spell: Blink
  5200 | D:6      | Identified the +1 leather armour of the Clean Wumpus {rElec
                  | rCorr Str+2 Stlth-}
  5317 | D:6      | Noticed Duvessa
  5317 | D:6      | Noticed Dowan
  5329 | D:6      | Killed Dowan
  5331 | D:6      | Killed Duvessa
  5332 | D:6      | Reached XP level 9. HP: 41/68 MP: 12/16
  5435 | D:6      | Reached skill level 5 in Spellcasting
  5811 | D:6      | Found a faded altar of an unknown god.
  5830 | D:6      | Found a staircase to the Ecumenical Temple.
  5862 | Temple   | Entered the Ecumenical Temple
  6000 | Temple   | Became a worshipper of the Wu Jian Council
  6101 | D:6      | Found an opulent altar of Gozag.
  6332 | D:7      | Noticed Maggie
  6355 | D:7      | Killed Maggie
  6844 | D:7      | Found a sand-covered staircase.
  6860 | Ossuary  | Entered an ossuary
  7362 | D:7      | Reached * piety under Wu Jian
  7620 | D:7      | Slain by a steam dragon

Illustrated notes

Levels and vault maps discovered:
D:1:      dpeg_arrival_snail, layout_basic
D:2:      layout_loops_cross
D:3:      layout_basic, mainiacjoe_overflow_chevrons, minmay_gold_behind_fungi,
          minmay_close_crescents, uniq_grinder
D:4:      layout_basic, chei_slow_surprise, due_unseen_surprise, uniq_ijyb
D:5:      layout_loops_ring, nicolae_overflow_hidden_temple, hex_tiny,
          kennysheep_generic_room_4
D:6:      layout_basic, mainiacjoe_overflow_six_doors_small,
          nicolae_temple_entry_ecumenical, minmay_lizard_king, uniq_duvessa
D:7:      layout_loops_corners, nicolae_ossuary_entry_catacombs, uniq_maggie
Temple:   nicolae_temple_bog_church

Skill      XL: |  1  2  3  4  5  6  7  8  9 |
---------------+----------------------------+-----
Transmutations | 3 7 8 |  8.1
Unarmed Combat | 4 6 8 |  8.0
Fighting       | 2 5 |  5.1
Spellcasting   | 4 8 |  8.3
Dodging        | |  2.6
Ice Magic      | |  0.2

Action                   |  1- 3 |  4- 6 |  7- 9 || total
-------------------------+-------+-------+-------++-------
Melee: Unarmed           |   141 |    94 |   343 ||   578
       Punch             |     1 |     2 |     4 ||     7
       Headbutt          |       |       |     3 ||     3
 Cast: Beastly Appendage |     3 |     1 |     1 ||     5
       Spider Form       |     1 |     4 |    18 ||    23
       Ice Form          |       |       |    12 ||    12
Invok: Lunge             |       |       |     9 ||     9
       Whirlwind         |       |       |     3 ||     3
  Use: Scroll            |       |     6 |       ||     6
       Potion            |       |     1 |       ||     1
 Stab: Sleeping          |     1 |     1 |     2 ||     4
Armor: Robe              |    18 |    13 |    12 ||    43
       Skin              |       |     6 |    57 ||    63
Dodge: Dodged            |   102 |    62 |   245 ||   409

Table legend: (Time is in decaauts)
 A = Elapsed time spent in this place.
 B = Non-inter-level travel time spent in this place.
 C = Inter-level travel time spent in this place.
 D = Time resting spent in this place.
 E = Time spent auto-exploring this place.
 F = Levels seen in this place.
 G = Mean time per level.
                   A        B        C        D        E       F      G
               +--------+--------+--------+--------+--------+-----+--------+
         Total |   7531 |   7167 |    364 |    888 |   4740 |   9 |  836.8 |
       Dungeon |   7009 |   6690 |    319 |    715 |   4525 |   7 | 1001.3 |
        Temple |    139 |     94 |     45 |      0 |     80 |   1 |  139.0 |
       Ossuary |    382 |    382 |      0 |    173 |    135 |   1 |  382.0 |
               +--------+--------+--------+--------+--------+-----+--------+

Top non-repeatable levels by time:
     D:5: 1679 daAuts
     D:3: 1353 daAuts
     D:6: 1079 daAuts
     D:7: 907 daAuts
     D:2: 782 daAuts
     D:1: 768 daAuts
     D:4: 439 daAuts
 Ossuary: 382 daAuts
  Temple: 139 daAuts
